[Event "EDAMI"]
[Site "Internet Chess Club"]
[Date "2020.03.28"]
[Round "4"]
[White "PedreteBcn"]
[Black "Luar10"]
[Result "0-1"]
[ICCResult "White resigns"]
[WhiteElo "1266"]
[BlackElo "1548"]
[Opening "Ruy Lopez: Marshall, main line, 12.d2d4"]
[ECO "C89"]
[NIC "RL.17"]
[Time "13:59:25"]
[TimeControl "300+3"]

1. e4 e5 2. Nf3 Nc6 3. Bb5 a6 4. Ba4 Nf6 5. O-O Be7 6. Re1 b5 7. Bb3 O-O 8.
c3 d5 9. exd5 Nxd5 10. Nxe5 Nxe5 11. Rxe5 c6 12. d4 Bd6 13. Re2 Qh4 14. g3
Qh3 15. Re4 Nf6 16. Rh4 Qf5 17. Bc2 Qe6 18. Bg5 Bb7 19. Bxf6 Qxf6 20. Bxh7+
Kh8 21. Be4+ Kg8 22. Qh5 Qh6 23. Qxh6 gxh6 24. Rg4+ Kh8 25. Rh4 Kg7 26. Nd2
Rae8 27. Rg4+ Kh8 28. Bf5 c5 29. dxc5 Bxc5 30. Ne4 Bxe4 31. Rxe4 Rxe4 32.
Bxe4 Re8 33. Re1 f5 34. Kf1 Rxe4 35. Rxe4 fxe4 36. Ke2 Kg7 37. f3 exf3+ 38.
Kxf3 Kf6 39. Kf4 Bg1 40. h3 Bb6 41. g4 Bc7+ 42. Ke4 Kg5 43. Kf3 Kh4 44. Kg2
Bf4 45. Kf3 Bb8 46. Kg2 Bc7 47. Kf3 Kxh3 48. b3 Bg3 49. c4 Bd6 50. cxb5 axb5
51. a4 bxa4 52. bxa4 Bc7 53. Ke4 Kxg4 54. Kd5 h5 55. Kc6 Ba5 56. Kb5 Bd8 57.
Kc6 h4 58. Kd7 Ba5 59. Kc6 h3 60. Kb5 Bd8 {White resigns} 0-1

[Event "EDAMI"]
[Site "Internet Chess Club"]
[Date "2020.03.28"]
[Round "4"]
[White "BlackHole137"]
[Black "LucasCh"]
[Result "1-0"]
[ICCResult "Black checkmated"]
[WhiteElo "1258"]
[BlackElo "1103"]
[Opening "Petrov: Cozio (Lasker) attack"]
[ECO "C42"]
[NIC "RG.03"]
[Time "14:02:29"]
[TimeControl "300+3"]

1. e4 e5 2. Nf3 Nf6 3. Nxe5 d6 4. Nf3 Nxe4 5. Qe2 d5 6. d3 Nc6 7. dxe4 dxe4
8. Qxe4+ Kd7 9. Bc4 b5 10. Bxb5 Rb8 11. Qxc6+ Ke7 12. Nh4 Bd7 13. Qe4+ Kf6
14. Bxd7 Qxd7 15. Qf4+ Ke7 16. O-O Rb4 17. Qe5+ Kd8 18. Bd2 Rxh4 19. Qg5+
Be7 20. Qxg7 Qe8 21. Bg5 Bxg5 22. Qxg5+ f6 23. Qxh4 c5 24. Qxf6+ Kc8 25. Nc3
Kd7 26. Rad1+ Kc8 27. Rfe1 Kc7 28. Rxe8 Rxe8 29. Qd6+ Kc8 30. Qd7+ Kb8 31.
Kf1 Rc8 32. Na4 h5 33. Re1 c4 34. Nc5 Rxc5 35. Re8+ Rc8 36. Qxc8#
{Black checkmated}
1-0

[Event "EDAMI"]
[Site "Internet Chess Club"]
[Date "2020.03.28"]
[Round "4"]
[White "JordiPro"]
[Black "liveisgood"]
[Result "1-0"]
[ICCResult "Black forfeits on time"]
[WhiteElo "1118"]
[BlackElo "1159"]
[Opening "Inverted Hungarian"]
[ECO "C44"]
[NIC "KP.10"]
[Time "13:58:03"]
[TimeControl "300+3"]

1. e4 e5 2. Nf3 Nc6 3. Be2 Nf6 4. O-O Bc5 5. g3 O-O 6. Bc4 d6 7. Nc3 Bg4 8.
Ng5 Bxd1 9. Rxd1 Re8 10. Bxf7+ Kf8 11. Bxe8 Kxe8 12. Nb5 a6 13. Ne6 Qd7 14.
Nbxc7+ Ke7 15. Nxa8 Qxe6 16. c4 Qxc4 17. b3 Qe2 18. Rf1 Qf3 19. Re1 Bxf2+
20. Kf1 Nxe4 21. Nb6 Qd3+ 22. Kg2 Nxg3 23. Kxf2 Nd4 24. hxg3 Qf5+ 25. Kg2
Nf3 26. Nd5+ Kf8 27. Ne3 Nxe1+ 28. Kh2 Qh5+ 29. Kg1 Qh4 30. gxh4 Nf3+ 31.
Kf2 Nxh4 32. Ba3 b6 33. Bxd6+ Kf7 34. Rc1 Kg6 35. Bxe5 a5 36. Rg1+ Kf7 37.
Rxg7+ Kf8 38. Rxh7 Ke8 39. Rxh4 Kd8 40. Rh7 Kc8 41. Nd5 {Black forfeits on
time} 1-0

[Event "EDAMI"]
[Site "Internet Chess Club"]
[Date "2020.03.28"]
[Round "4"]
[White "Danielosky"]
[Black "planets45"]
[Result "1-0"]
[ICCResult "Black forfeits on time"]
[WhiteElo "1054"]
[BlackElo "1154"]
[Opening "Queen's pawn: Chigorin variation"]
[ECO "D00"]
[NIC "QP.08"]
[Time "13:58:12"]
[TimeControl "300+3"]

1. d4 d5 2. Nc3 c6 3. Bg5 Qa5 4. Qd2 Bf5 5. f3 f6 6. Be3 Nd7 7. g4 Bg6 8.
Nh3 e6 9. Nf4 Nh6 10. Nxe6 Bb4 11. a3 Bd6 12. Nxg7+ Kf7 13. Nh5 Bg3+ 14.
hxg3 f5 15. Nf4 Rhg8 16. Rxh6 Nf6 17. b4 Qb6 18. g5 Nh5 19. Nxh5 a5 20. Bh3
axb4 21. Nd1 bxa3 22. g4 Ke7 23. f4 Bf7 24. Nf6 Rgd8 25. Rxh7 a2 26. Nc3 Qb2
27. Qd1 Qxc3+ 28. Kf2 Qa3 29. Bc1 Qxh3 30. Rxh3 fxg4 31. Re3+ Kd6 32. Nxg4
c5 33. Qd3 cxd4 34. Qxd4 Kc7 35. Qe5+ Kd7 36. Qf5+ Kc6 37. Qxf7 d4 38. Re6+
Kc5 39. Qc7+ Kd5 40. Qe5+ Kc4 41. Nf6 Ra3 42. Qf5 Re3 43. Bxe3 dxe3+ 44.
Rxe3 Rd1 45. Qe4+ Kb5 46. Rxa2 {Black forfeits on time} 1-0

[Event "EDAMI"]
[Site "Internet Chess Club"]
[Date "2020.03.28"]
[Round "4"]
[White "ArnauGuasch"]
[Black "irojassu"]
[Result "1-0"]
[ICCResult "Black forfeits on time"]
[WhiteElo "1163"]
[BlackElo "1165"]
[Opening "Van't Kruijs opening"]
[ECO "A00"]
[Time "13:58:30"]
[TimeControl "300+3"]

1. e3 d5 2. Be2 c6 3. Bh5 g6 4. Bf3 Bf5 5. Qe2 Qa5 6. Nc3 Qd8 7. Rb1 e6 8.
Nh3 Qd6 9. Ng1 Nd7 10. Ra1 O-O-O 11. b3 a5 12. Nb1 h5 13. Ba3 Rh6 14. Bxd6
Bxd6 15. Nc3 e5 16. g4 hxg4 17. Bg2 e4 18. d3 Ne5 19. dxe4 dxe4 20. Bxe4
Bxe4 21. Nxe4 Bb4+ 22. Qd2 Bxd2+ 23. Kd1 Bb4+ 24. Kc1 f5 25. Ng3 Bc3 26. Rb1
Nd3+ 27. Kd1 Nb2+ 28. Ke2 Nc4 29. Kf1 f4 30. Ne4 fxe3 31. Nxc3 Nd2+ 32. Ke1
Nxb1 33. Nxb1 exf2+ 34. Kxf2 b5 35. Ne2 g5 36. Rg1 Rxh2+ 37. Rg2 Rh3 38. Ng1
Rc3 39. Nxc3 b4 40. Nd1 c5 41. Rxg4 Nh6 42. Rxg5 Rxd1 43. Ke2 Ra1 44. Kd2
Rxa2 45. Rg6 Nf5 46. Rc6+ Kb7 47. Rf6 Nd4 48. Ke1 Nxc2+ 49. Kf2 Ra3 50. Kg2
Rxb3 51. Kh2 a4 52. Kg2 a3 53. Kh2 a2 54. Kg2 a1=Q 55. Rf7+ Ka6 56. Rf6+
{Black forfeits on time}
1-0

[Event "EDAMI"]
[Site "Internet Chess Club"]
[Date "2020.03.28"]
[Round "4"]
[White "David2020"]
[Black "semaqui08"]
[Result "0-1"]
[ICCResult "White resigns"]
[WhiteElo "1335"]
[BlackElo "1471"]
[Opening "Four knights: Spanish variation"]
[ECO "C48"]
[NIC "KP.03"]
[Time "13:58:03"]
[TimeControl "300+3"]

1. e4 e5 2. Nf3 Nf6 3. Nc3 Nc6 4. Bb5 d6 5. d3 Bd7 6. O-O a6 7. Ba4 b5 8.
Bb3 Be7 9. Bg5 O-O 10. Nd5 Nxd5 11. Bxd5 Bxg5 12. d4 Rb8 13. c3 exd4 14.
cxd4 Bf6 15. Rc1 Ne7 16. Bb3 Be6 17. d5 Bg4 18. h3 Bh5 19. Qd3 Bxf3 20. Qxf3
Ng6 21. Bc2 Bg5 22. Rcd1 Qf6 23. Qg3 Bf4 24. Qd3 Ne5 25. Qb3 Rfc8 26. g3 Bh6
27. f4 Nd7 28. Qd3 Nc5 29. Qf3 Qxb2 30. Bb1 Na4 31. Rf2 Qf6 32. g4 g5 33. f5
Nc3 34. Rc1 Nxb1 35. Rxb1 Qd4 36. Kg2 Re8 37. Re1 f6 38. Rfe2 Re5 39. Qg3
Rbe8 40. Qf3 Bf8 41. Kg3 Qc4 42. h4 Bh6 43. h5 c6 44. dxc6 Qxc6 45. Kh3 Rc5
46. Qb3+ Kf8 47. Qb2 Rc3+ 48. Kh2 Bg7 49. Qb4 Qc5 50. Qa5 Qe5+ 51. Kh1 Rh3+
52. Kg1 Qg3+ 53. Rg2 Qe5 54. Qb4 Qc5+ 55. Qxc5 dxc5 56. Rc1 c4 57. Rgc2 Rxe4
58. Rd2 Rxg4+ 59. Kf2 Rh2+ 60. Ke3 Rxd2 61. Kxd2 Rg2+ 62. Kc3 Rxa2 63. Kb4
Kg8 64. Rd1 Bf8+ 65. Kc3 Ra3+ 66. Kb2 Rb3+ 67. Kc2 Rd3 68. Ra1 Rd6 69. Ra5
Be7 70. Kc3 Rb6 71. Ra1 Bd6 72. Rd1 Be5+ 73. Kb4 Rd6 74. Rb1 g4 75. h6 g3
76. Rg1 Rd2 77. Kc5 Bd4+ {White resigns} 0-1

[Event "EDAMI"]
[Site "Internet Chess Club"]
[Date "2020.03.28"]
[Round "5"]
[White "Josep2012"]
[Black "EnautG"]
[Result "0-1"]
[ICCResult "White checkmated"]
[WhiteElo "1167"]
[BlackElo "1307"]
[Opening "Van't Kruijs opening"]
[ECO "A00"]
[Time "14:16:48"]
[TimeControl "300+3"]

1. e3 e5 2. Nf3 Nc6 3. Nc3 Nf6 4. Bc4 d5 5. Bb3 Bc5 6. Ng5 Qe7 7. e4 dxe4 8.
Nxf7 Rf8 9. Ng5 Ng4 10. O-O Qxg5 11. d4 Qh5 12. dxc5 Qxh2# {White
checkmated} 0-1

[Event "EDAMI"]
[Site "Internet Chess Club"]
[Date "2020.03.28"]
[Round "5"]
[White "ramonramon2006"]
[Black "Torre027"]
[Result "1-0"]
[ICCResult "Black checkmated"]
[WhiteElo "1266"]
[BlackElo "1280"]
[Opening "English: four knights, kingside fianchetto"]
[ECO "A29"]
[NIC "EO.04"]
[Time "14:16:39"]
[TimeControl "300+3"]

1. c4 e5 2. Nc3 Nc6 3. Nf3 Nf6 4. g3 Bc5 5. Bg2 O-O 6. O-O d6 7. e3 Bf5 8.
d4 exd4 9. exd4 Bb4 10. Bd2 Re8 11. a3 Ba5 12. b4 Bb6 13. c5 dxc5 14. dxc5
Qe7 15. cxb6 axb6 16. Re1 Qd6 17. Rxe8+ Rxe8 18. Bf4 Qe6 19. Qd2 Qe7 20. Re1
Qc5 21. Rxe8+ Nxe8 22. bxc5 bxc5 23. Qe3 Nf6 24. Bg5 Nd7 25. Qe8+ Nf8 26.
Be7 Bd7 27. Qxf8# {Black checkmated} 1-0

[Event "EDAMI"]
[Site "Internet Chess Club"]
[Date "2020.03.28"]
[Round "5"]
[White "Alberto555"]
[Black "morgana1965"]
[Result "0-1"]
[ICCResult "White checkmated"]
[WhiteElo "1361"]
[BlackElo "1544"]
[Opening "Petrov's defense"]
[ECO "C42"]
[NIC "RG.01"]
[Time "14:16:40"]
[TimeControl "300+3"]

1. e4 e5 2. Nf3 Nf6 3. d3 d5 4. Nbd2 Nc6 5. c3 a5 6. Qc2 Bc5 7. Be2 O-O 8.
Nxe5 Nxe5 9. d4 Bxd4 10. cxd4 Nc6 11. e5 Nxd4 12. Qd3 Nxe2 13. Qxe2 b6 14.
O-O Ba6 15. Qe3 Bxf1 16. Kxf1 Nd7 17. e6 Re8 18. Qh3 Rxe6 19. b3 Qe7 20. Nf3
Qf6 21. Rb1 Qg6 22. Rb2 Qd3+ 23. Re2 Qxe2+ 24. Kg1 Qe1+ 25. Nxe1 Rxe1#
{White checkmated}
0-1

[Event "EDAMI"]
[Site "Internet Chess Club"]
[Date "2020.03.28"]
[Round "5"]
[White "Mark888"]
[Black "Onayague"]
[Result "1-0"]
[ICCResult "Black checkmated"]
[WhiteElo "1175"]
[BlackElo "1145"]
[Opening "Van't Kruijs opening"]
[ECO "A00"]
[Time "14:16:32"]
[TimeControl "300+3"]

1. e3 e5 2. Qh5 Bb4 3. Bc4 d5 4. Nf3 Nf6 5. Qh4 dxc4 6. Nxe5 O-O 7. Nxc4 Bf5
8. a3 Bc5 9. b4 Be7 10. Bb2 Ne4 11. Qf4 Bg6 12. d3 Bg5 13. Qe5 Re8 14. Qxg7#
{Black checkmated}
1-0

[Event "EDAMI"]
[Site "Internet Chess Club"]
[Date "2020.03.28"]
[Round "5"]
[White "NoaEscacs"]
[Black "ArnauGuasch"]
[Result "1-0"]
[ICCResult "Black checkmated"]
[WhiteElo "1324"]
[BlackElo "1150"]
[Opening "French defense"]
[ECO "C00"]
[NIC "FR.01"]
[Time "14:17:18"]
[TimeControl "300+3"]

1. e4 e6 2. Nf3 e5 3. Nxe5 Qe7 4. d4 d6 5. Ng4 Qxe4+ 6. Be2 Qg6 7. Bd3 Bd7
8. Bxg6 fxg6 9. O-O Kd8 10. Qf3 Ne7 11. Qxb7 Bc6 12. Qb4 Nd7 13. Bg5 Rc8 14.
Qc4 h6 15. Bxe7+ Kxe7 16. Qxc6 Kd8 17. Re1 h5 18. Ne3 Be7 19. Nd5 Rf8 20.
Rxe7 Re8 21. Qxd7# {Black checkmated} 1-0

[Event "EDAMI"]
[Site "Internet Chess Club"]
[Date "2020.03.28"]
[Round "5"]
[White "didi08"]
[Black "Alexelnub"]
[Result "1-0"]
[ICCResult "Black checkmated"]
[WhiteElo "1286"]
[BlackElo "1060"]
[Opening "King's knight opening"]
[ECO "C40"]
[NIC "KP.10"]
[Time "14:16:46"]
[TimeControl "300+3"]

1. e4 e5 2. Nf3 Be7 3. Nc3 d6 4. Bb5+ c6 5. Bc4 Na6 6. Bxa6 bxa6 7. O-O d5
8. exd5 cxd5 9. Nxd5 Bf8 10. d3 Qxd5 11. Be3 Qd8 12. h3 Nf6 13. Nxe5 Bd6 14.
Bf4 Nh5 15. Qxh5 g6 16. Qf3 f6 17. Qxa8 fxe5 18. Qc6+ Kf8 19. Bh6+ Kg8 20.
Qd5+ Be6 21. Qxe6# {Black checkmated} 1-0

[Event "EDAMI"]
[Site "Internet Chess Club"]
[Date "2020.03.28"]
[Round "5"]
[White "semaqui08"]
[Black "Oierkaskarov"]
[Result "0-1"]
[ICCResult "White checkmated"]
[WhiteElo "1460"]
[BlackElo "1600"]
[Opening "Queen's bishop game"]
[ECO "A45"]
[NIC "QP.07"]
[Time "14:16:38"]
[TimeControl "300+3"]

1. d4 Nf6 2. Bf4 d5 3. Nf3 Bf5 4. e3 e6 5. Bd3 Bxd3 6. Qxd3 c5 7. c3 Nc6 8.
Nbd2 cxd4 9. exd4 Bd6 10. Ne5 Qc7 11. Ndf3 Rc8 12. O-O Ne4 13. Rfe1 O-O 14.
Nxc6 Qxc6 15. Bxd6 Qxd6 16. Nd2 Nxd2 17. Qxd2 Rc6 18. Re2 Rfc8 19. Rae1 Qc7
20. Re5 Qb6 21. Qc2 Qxd4 22. Qxh7+ Kxh7 23. cxd4 Rc1 24. Kf1 R8c2 25. Re2
Rxe1+ 26. Kxe1 Rxe2+ 27. Kxe2 Kg6 28. Ke3 Kf5 29. f4 f6 30. h3 g5 31. g4+
Kg6 32. fxg5 fxg5 33. Kf3 Kf6 34. Ke3 e5 35. a4 a5 36. b3 b6 37. Kd3 exd4
38. Kxd4 Ke6 39. Ke3 Ke5 40. Kd3 d4 41. Ke2 Ke4 42. Kd2 d3 43. Kd1 Ke3 44.
Ke1 d2+ 45. Kd1 Kd3 46. h4 gxh4 47. g5 h3 48. g6 h2 49. g7 h1=Q#
{White checkmated}
0-1

[Event "EDAMI"]
[Site "Internet Chess Club"]
[Date "2020.03.28"]
[Round "5"]
[White "liveisgood"]
[Black "leonardogila"]
[Result "0-1"]
[ICCResult "White checkmated"]
[WhiteElo "1143"]
[BlackElo "1227"]
[Opening "Giuoco Piano: four knights variation"]
[ECO "C40"]
[NIC "KP.10"]
[Time "14:16:42"]
[TimeControl "300+3"]

1. e4 e5 2. Nf3 Bc5 3. Nc3 Nc6 4. Bc4 Nf6 5. O-O O-O 6. d3 d6 7. Bg5 Bg4 8.
Re1 Nd4 9. Re3 Qd7 10. b3 Rad8 11. Nb5 Nxf3+ 12. gxf3 Bh3 13. Nxa7 Bxa7 14.
Re2 Rfe8 15. a4 Ng4 16. fxg4 Qxg4+ 17. Kh1 Qg2# {White checkmated} 0-1

[Event "EDAMI"]
[Site "Internet Chess Club"]
[Date "2020.03.28"]
[Round "5"]
[White "JORDISOLEGRAUS"]
[Black "PedreteBcn"]
[Result "0-1"]
[ICCResult "White checkmated"]
[WhiteElo "1209"]
[BlackElo "1295"]
[Opening "Queen's pawn game"]
[ECO "A45"]
[NIC "QP.07"]
[Time "14:16:35"]
[TimeControl "300+3"]

1. d4 Nf6 2. e3 g6 3. Bb5 c6 4. Bc4 d5 5. Bd3 Bg7 6. Nf3 Bg4 7. O-O O-O 8.
c3 Nbd7 9. Qb3 b6 10. Ba6 Qc7 11. Nbd2 Bxf3 12. Nxf3 Ne4 13. Nh4 f5 14. f3
Ng5 15. e4 fxe4 16. Bxg5 Bf6 17. Bh6 Rf7 18. fxe4 Bxh4 19. g3 Bxg3 20. hxg3
Qxg3+ 21. Kh1 Qh3+ 22. Kg1 Qg3+ 23. Kh1 Qh3+ 24. Kg1 Qxh6 25. Bb7 Raf8 26.
Bxc6 Qg5+ 27. Kh1 Rxf1+ 28. Rxf1 Rxf1+ 29. Kh2 Qg1+ 30. Kh3 Rf3+ 31. Kh4
Qg3# {White checkmated} 0-1

[Event "EDAMI"]
[Site "Internet Chess Club"]
[Date "2020.03.28"]
[Round "5"]
[White "Arriazu96"]
[Black "pgranadap"]
[Result "1-0"]
[ICCResult "Black resigns"]
[WhiteElo "1305"]
[BlackElo "1389"]
[Opening "Petrov: French attack"]
[ECO "C42"]
[NIC "RG.03"]
[Time "14:16:37"]
[TimeControl "300+3"]

1. e4 e5 2. Nf3 Nf6 3. Nxe5 d6 4. Nf3 Nxe4 5. d3 Nf6 6. g3 Be7 7. Bg2 O-O 8.
O-O c6 9. Nc3 Re8 10. Re1 Nbd7 11. Bf4 b5 12. a3 a5 13. Qd2 Bb7 14. Nd4 Qc7
15. Nf5 b4 16. axb4 Bf8 17. bxa5 Rxa5 18. Ne4 Nxe4 19. dxe4 Rxa1 20. Rxa1 c5
21. Nxd6 Bxd6 22. Bxd6 Qc6 23. Re1 f5 24. f3 fxe4 25. fxe4 Nf6 26. e5 Qxg2+
27. Qxg2 Bxg2 28. Kxg2 Nd7 29. e6 Nf6 30. Bxc5 Rc8 31. Bd4 Rxc2+ 32. Kf3
Rxh2 33. b4 Ne8 34. b5 Rh5 35. b6 Rb5 36. Ke4 Nd6+ 37. Ke3 Nc8 38. Kf4 Ne7
39. Re5 Rxb6 40. Bxb6 Ng6+ 41. Ke4 Nxe5 42. Kxe5 Kf8 43. Bc5+ Ke8 44. Kd5 h6
45. Ke4 g6 46. Kf3 h5 47. Kf4 {Black resigns} 1-0

[Event "EDAMI"]
[Site "Internet Chess Club"]
[Date "2020.03.28"]
[Round "5"]
[White "LucasCh"]
[Black "JordiPro"]
[Result "0-1"]
[ICCResult "White checkmated"]
[WhiteElo "1093"]
[BlackElo "1163"]
[Opening "Réti opening"]
[ECO "A04"]
[NIC "QP.11"]
[Time "14:16:39"]
[TimeControl "300+3"]

1. Nf3 b6 2. g4 Nc6 3. e4 Ba6 4. Nd4 g6 5. Nxc6 dxc6 6. c4 Bh6 7. Qb3 Nf6 8.
Bg2 O-O 9. e5 Nxg4 10. f3 Nxe5 11. f4 Ng4 12. h3 Nf6 13. c5 bxc5 14. Bxc6
Rb8 15. Bd5 Rxb3 16. axb3 Nxd5 17. Rxa6 Bxf4 18. Rxa7 Qb8 19. Ra6 Nb4 20.
Ra8 Qxa8 21. d3 Qxh1+ 22. Ke2 Qxc1 23. Nc3 Qxb2+ 24. Kf3 Bd2 25. Ne2 Bh6 26.
Nd4 Qxd4 27. h4 Qxh4 28. d4 Rd8 29. dxc5 Rd3+ 30. Ke2 Rxb3 31. Kd1 Qh2 32.
Ke1 Rb1# {White checkmated} 0-1

[Event "EDAMI"]
[Site "Internet Chess Club"]
[Date "2020.03.28"]
[Round "5"]
[White "Poleras123"]
[Black "BlackHole137"]
[Result "0-1"]
[ICCResult "White checkmated"]
[WhiteElo "1203"]
[BlackElo "1299"]
[Opening "Philidor's defense"]
[ECO "C41"]
[NIC "KP.10"]
[Time "14:16:36"]
[TimeControl "300+3"]

1. e4 e5 2. Nf3 d6 3. Nc3 c6 4. Bc4 h6 5. d3 Qf6 6. Be3 Qg6 7. Qd2 Be7 8.
O-O-O Qxg2 9. Qe2 Bg4 10. Qe1 Bxf3 11. Rg1 Qxh2 12. Rh1 Bxh1 13. Qxh1 Qxh1
14. Rxh1 Nf6 15. Rd1 Ng4 16. Re1 Nxe3 17. Rxe3 Bg5 18. f4 Bxf4 19. Kd2 Bxe3+
20. Kxe3 d5 21. exd5 cxd5 22. Bxd5 Nc6 23. Nb5 O-O-O 24. Nxa7+ Nxa7 25. Bxf7
Nb5 26. Kd2 e4 27. Ke3 exd3 28. cxd3 Nd4 29. b4 Nc2+ 30. Kd2 Nxb4 31. Be6+
Kb8 32. a4 Nxd3 33. Bf5 Nf4+ 34. Ke3 g5 35. a5 b5 36. axb6 Kb7 37. Be4+ Kxb6
38. Kf3 h5 39. Bf5 h4 40. Be4 h3 41. Ke3 g4 42. Kxf4 g3 43. Kxg3 Rd4 44. Bf3
Rd3 45. Kf2 h2 46. Ke2 Rxf3 47. Kxf3 h1=Q+ 48. Kg3 Rf8 49. Kg4 Qf1 50. Kg5
Rg8+ 51. Kh5 Qh3# {White checkmated} 0-1

[Event "EDAMI"]
[Site "Internet Chess Club"]
[Date "2020.03.28"]
[Round "5"]
[White "irojassu"]
[Black "JORGEVALLES"]
[Result "0-1"]
[ICCResult "White checkmated"]
[WhiteElo "1083"]
[BlackElo "995"]
[Opening "Scandinavian (center counter) defense"]
[ECO "B01"]
[NIC "VO.17"]
[Time "14:16:36"]
[TimeControl "300+3"]

1. e4 d5 2. exd5 Qxd5 3. b3 Qe5+ 4. Be2 Qxa1 5. Bb2 Qxb2 6. c3 Qxa2 7. f4
Qa5 8. b4 Qb6 9. c4 c6 10. c5 Qc7 11. g4 Qxf4 12. Nh3 Qe4 13. d3 Qxh1+ 14.
Kf2 Qxh2+ 15. Ke3 Qxh3+ 16. Ke4 e5 17. Kxe5 Be6 18. Nd2 Nd7+ 19. Kd4 O-O-O
20. Qc2 Nb8+ 21. Ke4 Qh1+ 22. Ke3 Qh3+ 23. Kf2 Nd7 24. Bf1 Qh4+ 25. Kf3
Qxg4+ 26. Kf2 Qf4+ 27. Nf3 Be7 28. Bg2 Bh4+ 29. Ke2 Qg3 30. Qc3 Qxg2+ 31.
Ke3 Bg5+ 32. Ke4 f5+ 33. Kd4 Ngf6 34. Nh4 Qg4# {White checkmated} 0-1

[Event "EDAMI"]
[Site "Internet Chess Club"]
[Date "2020.03.28"]
[Round "5"]
[White "Adrisam"]
[Black "tomasgarrido"]
[Result "1-0"]
[ICCResult "Black checkmated"]
[WhiteElo "1331"]
[BlackElo "1246"]
[Opening "Réti opening"]
[ECO "A04"]
[NIC "QP.11"]
[Time "14:16:42"]
[TimeControl "300+3"]

1. Nf3 d6 2. d3 e6 3. Nc3 Nf6 4. g3 Nc6 5. Bg2 b6 6. O-O Ba6 7. Bg5 g6 8.
Ne4 d5 9. Nxf6+ Ke7 10. Ng4+ f6 11. Bxf6+ Ke8 12. Bxd8 Rxd8 13. Qd2 Bb4 14.
Qg5 Rf8 15. Nf6+ Kf7 16. Ng4 Be7 17. Nfe5+ Nxe5 18. Nxe5+ Ke8 19. Qh6 Rf5
20. d4 Bd6 21. Qxh7 Rd7 22. Qg8+ Rf8 23. Qxg6+ Kd8 24. Nf7+ Rfxf7 25. Qg8+
Rf8 26. Qg5+ Be7 27. Qh5 Rf5 28. Qh8+ Rf8 29. Qg7 Bf6 30. Qg6 Rg7 31. Qh6
Bb5 32. a4 Be8 33. Qf4 Rh8 34. Qxf6+ Kc8 35. Qxg7 Rh5 36. Bf3 Rf5 37. Bg4
Rf7 38. Qg8 Re7 39. Bh5 Kd8 40. Ra3 Kd7 41. Rf3 Bxh5 42. Rf8 Re8 43. Qg7+
Kc6 44. Rxe8 Bxe8 45. Rd1 Bh5 46. Qe7 Bxe2 47. Ra1 Bg4 48. Ra3 b5 49. axb5+
Kxb5 50. Qc5# {Black checkmated} 1-0

[Event "EDAMI"]
[Site "Internet Chess Club"]
[Date "2020.03.28"]
[Round "5"]
[White "Jultxan"]
[Black "MiquelGil"]
[Result "1-0"]
[ICCResult "Black checkmated"]
[WhiteElo "1184"]
[BlackElo "1046"]
[Opening "Four knights: Spanish variation"]
[ECO "C48"]
[NIC "KP.03"]
[Time "14:16:38"]
[TimeControl "300+3"]

1. e4 Nc6 2. Nc3 Nf6 3. Nf3 e5 4. Bb5 d5 5. exd5 Nxd5 6. Nxd5 Qxd5 7. Bxc6+
Qxc6 8. d4 exd4 9. Nxd4 Qd7 10. Qe2+ Be7 11. Nb3 O-O 12. Bf4 Qc6 13. Nd4 Qb5
14. Nxb5 h6 15. Nxc7 Rb8 16. Nb5 a6 17. Bxb8 Bb4+ 18. c3 Ba5 19. Nd6 Bd7 20.
Qe7 Rxb8 21. Qxd7 Ra8 22. Qxb7 Rf8 23. Qe7 Ra8 24. Qxf7+ Kh7 25. Qb7 Rh8 26.
Qxa6 Kg8 27. Qxa5 h5 28. Qa8+ Kh7 29. Qb7 Kg6 30. Rd1 h4 31. Rd5 h3 32. gxh3
Kf6 33. Nb5 g5 34. Qd7 Rg8 35. Rd6+ Ke5 36. Qe6+ Kf4 37. Qxg8 g4 38. Rf6+
Ke4 39. Qe8+ Kd5 40. Na3 g3 41. hxg3 Kc5 42. Re6 Kd5 43. Re5+ Kd6 44. Re2
Kd5 45. Rd2+ Kc5 46. Qc8+ Kb6 47. Rd4 Ka5 48. Qb8 Ka6 49. Ra4#
{Black checkmated}
1-0

[Event "EDAMI"]
[Site "Internet Chess Club"]
[Date "2020.03.28"]
[Round "5"]
[White "MIQUELSOLEGRAUS"]
[Black "FERNANDOA9"]
[Result "0-1"]
[ICCResult "White checkmated"]
[WhiteElo "1087"]
[BlackElo "1191"]
[Opening "Bishop's opening"]
[ECO "C23"]
[NIC "IG.04"]
[Time "14:16:32"]
[TimeControl "300+3"]

1. e4 e5 2. Bc4 Nc6 3. Qh5 g6 4. Qxe5+ Nxe5 5. Nf3 Nxc4 6. d3 Na5 7. O-O Bc5
8. Nc3 Qf6 9. Nd5 Qd6 10. Ne5 Qxe5 11. Bf4 Qf5 12. Rae1 Qh5 13. Be3 Kd8 14.
Nf4 Qe5 15. Bxc5 Qxc5 16. Re2 d6 17. e5 dxe5 18. Ree1 e4 19. Rxe4 Qg5 20.
Rd4+ Ke8 21. Re1+ Ne7 22. Rde4 Bh3 23. f3 Bf5 24. Rxe7+ Kf8 25. R1e5 Nc6 26.
Rxc7 Rd8 27. Rxc6 f6 28. Re3 Qxf4 29. Re2 Qc1+ 30. Kf2 Qf4 31. Rxf6+ Kg7 32.
Ree6 Rd7 33. Rxg6+ hxg6 34. Re2 Qh4+ 35. g3 Qxh2+ 36. Ke3 Qh6+ 37. Kf2 b6
38. c3 Rf8 39. b3 Bxd3 40. a3 Bxe2 41. Kxe2 Qd2+ 42. Kf1 Re7 43. Kg1 Re1#
{White checkmated}
0-1

[Event "EDAMI"]
[Site "Internet Chess Club"]
[Date "2020.03.28"]
[Round "5"]
[White "BielPipo"]
[Black "GRVLHPK"]
[Result "0-1"]
[ICCResult "White checkmated"]
[WhiteElo "1048"]
[BlackElo "1098"]
[Opening "Petrov: Damiano variation"]
[ECO "C42"]
[NIC "RG.03"]
[Time "14:16:46"]
[TimeControl "300+3"]

1. e4 e5 2. Nf3 Nf6 3. Nxe5 Nxe4 4. f3 d6 5. fxe4 dxe5 6. Bc4 Qh4+ 7. g3
Qxe4+ 8. Kf2 Qxc4 9. d3 Qd4+ 10. Be3 Qd7 11. Nc3 Nc6 12. a3 Qf5+ 13. Kg2
Qh3+ 14. Kg1 Nd4 15. Bxd4 exd4 16. Ne4 Bf5 17. Nf2 Qh6 18. g4 Be6 19. Ne4
Qe3+ 20. Nf2 O-O-O 21. Kg2 Rd5 22. Re1 Qh6 23. c4 Rh5 24. gxh5 Bd6 25. Kf1
Qf4 26. Re4 Qf5 27. b4 Re8 28. c5 Bxc5 29. bxc5 Qxc5 30. Rc1 Qxa3 31. Rc2 c6
32. Qc1 Bd7 33. Rxe8+ Bxe8 34. Rb2 Qd6 35. Re2 Bd7 36. Ke1 Qxh2 37. Qd2 Qg1#
{White checkmated}
0-1

[Event "EDAMI"]
[Site "Internet Chess Club"]
[Date "2020.03.28"]
[Round "5"]
[White "CHANTAL10"]
[Black "Danielosky"]
[Result "0-1"]
[ICCResult "White checkmated"]
[WhiteElo "1183"]
[BlackElo "1071"]
[Opening "KP: Indian opening"]
[ECO "C20"]
[NIC "KP.10"]
[Time "14:16:37"]
[TimeControl "300+3"]

1. e4 e5 2. d3 Nf6 3. Nf3 d6 4. Nc3 Bg4 5. b3 Bxf3 6. gxf3 Nc6 7. Bg2 Nd4 8.
O-O Qe7 9. Ba3 O-O-O 10. Bh3+ Kb8 11. Ne2 Nxf3+ 12. Kh1 Ng5 13. Bb4 Nxh3 14.
Ng1 Nxg1 15. Rxg1 Qd7 16. Rb1 Qc6 17. c4 g6 18. Rb2 b6 19. Rg3 a5 20. Bxa5
bxa5 21. Qd2 Nd7 22. Qb4+ axb4 23. a3 Nc5 24. axb4 Nxd3 25. Rxd3 Qxe4+ 26.
Kg1 Qxd3 27. Ra2 Qxb3 28. Ra1 Qxb4 29. Rd1 Qxc4 30. Rb1+ Kc8 31. Ra1 d5 32.
Ra8+ Kd7 33. Rxd8+ Kxd8 34. Kg2 d4 35. Kf3 d3 36. Ke3 Qd4+ 37. Kd2 e4 38.
Kd1 Qxf2 39. h3 g5 40. h4 Qxh4 41. Kd2 g4 42. Ke3 g3 43. Kd4 g2 44. Ke3
g1=Q+ 45. Kd2 Qgg3 46. Kc3 e3 47. Kxd3 e2+ 48. Kd2 Qhh2 49. Kc2 e1=Q#
{White checkmated}
0-1

[Event "EDAMI"]
[Site "Internet Chess Club"]
[Date "2020.03.28"]
[Round "5"]
[White "Dylan2008"]
[Black "paugallego"]
[Result "0-1"]
[ICCResult "White checkmated"]
[WhiteElo "1387"]
[BlackElo "1430"]
[Opening "French: advance, Nimzovich system"]
[ECO "C02"]
[NIC "FR.03"]
[Time "14:16:37"]
[TimeControl "300+3"]

1. e4 e6 2. d4 d5 3. e5 c5 4. Nf3 Nc6 5. Be3 Qb6 6. b3 Nge7 7. dxc5 Qa5+ 8.
Nbd2 Nf5 9. Qe2 Nxe3 10. Qxe3 Bxc5 11. Qe2 O-O 12. g3 Qc7 13. Bg2 Bd4 14.
Nxd4 Nxd4 15. Qd3 Qxe5+ 16. Kf1 Nxc2 17. Rc1 Nd4 18. h4 Bd7 19. Re1 Qf6 20.
g4 Bb5 21. Qxb5 Nxb5 22. g5 Qb2 23. Nf3 Rac8 24. Kg1 Rc1 25. Rxc1 Qxc1+ 26.
Kh2 Qc7+ 27. Kg1 Rc8 28. h5 Qd7 29. h6 Rc1+ 30. Bf1 g6 31. Ne5 Qe7 32. Kg2
Qxg5+ 33. Kh2 Qxe5+ 34. Kh3 Qh5+ 35. Kg2 Qxh1+ 36. Kxh1 Rxf1+ 37. Kg2 Ra1
38. f4 Rxa2+ 39. Kg3 Rb2 40. Kg4 Rxb3 41. f5 a5 42. fxg6 fxg6 43. Kg5 a4 44.
Kf6 a3 45. Kxe6 a2 46. Kxd5 a1=Q 47. Ke6 Rd3 48. Ke7 Qe5# {White checkmated}
0-1